 Dungeon Crawl Stone Soup version 0.31-a0-705-ga145531891 (webtiles) character file.

Game seed: 12060124865220741649

3289 randomguy2701 the Cleaver (level 10, -2/88 HPs)
             Began as a Hill Orc Fighter on Sept 9, 2023.
             Was a Follower of Beogh.
             Slain by a wight
             ... wielding a +0 great sword
              (12 damage)
             ... on level 7 of the Dungeon.
             The game lasted 00:06:01 (5075 turns).

randomguy2701 the Cleaver (Hill Orc Fighter)        Turns: 5075, Time: 00:06:02

Health: -2/88      AC: 15    Str: 22    XL:     10   Next: 1%
Magic:  10/10      EV: 10    Int: 14    God:    Beogh [*.....]
Gold:   386        SH:  5    Dex: 12    Spells: 9/9 levels left

rFire   . . .        a - +0 war axe
rCold   . . .        c - +0 buckler
rNeg    . . .        b - +0 scale mail
rPois   .            (no helmet)
rElec   .            (no cloak)
rCorr   .            (no gloves)
SInv    .            o - +2 pair of boots
Will    .....        r - amulet of regeneration Stlth
                     t - +4 ring of protection
HPRegen 1.14/turn    D - +6 ring of intelligence
MPRegen 0.12/turn

%: no passive effects
@: mighty
A: no striking features
a: Renounce Religion


You were on level 7 of the Dungeon.
You worshipped Beogh.
Beogh was aware of your devotion.
You visited 1 branch of the dungeon, and saw 7 of its levels.

You collected 387 gold pieces.
You spent 1 gold pieces at shops.

Inventory:

Hand Weapons
 a - a +0 war axe (weapon)
 x - a -2 triple crossbow
Armour
 b - a +0 scale mail (worn)
 c - a +0 buckler (worn)
 o - a +2 pair of boots (worn)
Jewellery
 j - a ring of ice
 r - an amulet of regeneration (around neck)
 t - a +4 ring of protection (left hand)
 B - a ring of protection from fire
 D - a +6 ring of intelligence (right hand)
Wands
 s - a wand of roots (21)
 A - a wand of flame (15)
 F - a wand of polymorph (3)
Scrolls
 e - a scroll of enchant armour {unknown}
 g - 4 scrolls of identify {unknown}
 h - a scroll of revelation {unknown}
 k - a scroll of enchant weapon {unknown}
 m - 2 scrolls of poison {unknown}
 q - a scroll of noise {unknown}
 u - a scroll of fear {unknown}
 v - a scroll of silence {unknown}
 y - 2 scrolls of teleportation {unknown}
 z - 4 scrolls of immolation {unknown}
 C - 2 scrolls of blinking {unknown}
Potions
 f - 3 potions of degeneration {unknown}
 i - a potion of haste {unknown}
 l - a potion of mutation {unknown}
 n - 2 potions of curing {unknown}
 p - 2 potions of resistance {unknown}
 w - a potion of enlightenment {unknown}
 E - a potion of berserk rage {unknown}


   Skills:
 + Level 8.1 Fighting
 + Level 12.5 Axes
 + Level 7.0 Armour
 + Level 2.5 Dodging
 + Level 0.2 Stealth
 + Level 5.8 Shields


You had 9 spell levels left.
You didn't know any spells.
Your spell library contained the following spells:

 Spells                   Type           Power      Damage    Failure   Level
 Apportation              Tloc           0%         N/A       63%         1
 Magic Dart               Conj           0%         1d3       63%         1
 Necrotise                Necr           0%         1d4       63%         1
 Shock                    Conj/Air       0%         1d3       63%         1
 Summon Small Mammal      Summ           0%         N/A       63%         1
 Blink                    Tloc           0%         N/A       77%         2
 Call Imp                 Summ           0%         N/A       77%         2
 Lesser Beckoning         Tloc           0%         N/A       77%         2
 Gell's Gravitas          Tloc           0%         N/A       94%         3
 Ignite Poison            Fire/Tmut/Pois 0%         N/A       94%         3
 Mephitic Cloud           Conj/Pois/Air  0%         N/A       94%         3
 Swiftness                Air            0%         N/A       94%         3
 Teleport Other           Tloc           0%         N/A       94%         3
 Tukima's Dance           Hex            0%         N/A       94%         3
 Vampiric Draining        Necr           0%         2d6       94%         3
 Airstrike                Air            0%         2d(0-16)  100%        4
 Manifold Assault         Tloc           0%         N/A       100%        4
 Passage of Golubria      Tloc           0%         N/A       100%        4
 Sticky Flame             Conj/Fire      0%         2d3       100%        4
 Agony                    Necr           0%         N/A       100%        5
 Yara's Violent Unravell  Hex/Tmut       0%         3d3       100%        5
 Ignition                 Fire           0%         3d3       100%        8


Dungeon Overview and Level Annotations

Branches:
Dungeon (7/15)             Temple (0/1) D:4

Altars:
Cheibriados
Elyvilon
Nemelex Xobeh
Xom
Yredelemnul

Shops:
D:4 *   D:6 ?


Message History

You slash Joseph!
Joseph is moderately wounded.
You slice Joseph!!
Joseph is severely wounded.
Joseph closely misses you.
You hit Joseph.
Joseph is severely wounded.
Joseph hits you with a +0 quarterstaff!
* * * LOW HITPOINT WARNING * * *
You barely miss Joseph.
Joseph is severely wounded.
Joseph hits you with a +0 quarterstaff!
* * * LOW HITPOINT WARNING * * *
You slice Joseph!!
You kill Joseph!
Beogh accepts your kill.
Your life force feels restored.
Your Fighting skill increases to level 8!
Your Armour skill increases to level 7!
You hit the wight.
The wight is moderately damaged.
The wight hits you with a +0 great sword.
* * * LOW HITPOINT WARNING * * *
You feel drained.
* * * LOW HITPOINT WARNING * * *
You slash the wight!
You destroy the wight!
Beogh accepts your kill.
Your life force feels restored.
You have reached level 10!
You feel stronger.
You slash the wight!
The wight is severely damaged.
You closely miss the wight.
The wight is severely damaged.
The wight hits you but does no damage.
You hit the wight.
The wight is almost destroyed.
The wight hits you with a +0 great sword!
You die...

#<#.# #######.#.###
.####
............#####.#..
.######.............#
.......##.#####...#
######.##.# ...# #
#.##.## ...
....#...####.#
#.......z@...#
#####...###### ##.##
#.# #.# ... ... .##


You could see a wight.

Vanquished Creatures
  Pikel (D:6)
  Joseph (D:7)
  A wraith (D:6)
  Edmund (D:4)
  A water moccasin (D:7)
  A black bear (D:4)
  2 ice beasts (D:6)
  4 sky beasts
  An orc warrior (D:6)
  An ogre (D:5)
  A lemure (D:6)
  4 phantoms
  A kobold brigand (D:6)
  3 scorpions (D:5)
  5 wights
  4 hounds
  An orc priest (D:6)
  3 iguanas
  3 sleepcaps
  An orc wizard (D:4)
  7 gnolls
  10 adders
  A white imp (D:5)
  2 ufetubi
  A worm (D:3)
  3 dart slugs
  12 orcs
  9 endoplasms
  4 giant cockroaches
  4 goblins
  6 hobgoblins
  2 jackals (D:3)
  7 kobolds
  5 quokkas
  13 ball pythons
  5 bats
  2 frilled lizards
  5 rats
138 creatures vanquished.

Vanquished Creatures (others)
  A hound (D:5)
  An orc (D:5)
  A ball python (D:2)
3 creatures vanquished.

Grand Total: 141 creatures vanquished

Notes
Turn   | Place    | Note
-------+----------+-------------------------------------------
     0 | D:1      | randomguy2701 the Hill Orc Fighter began the quest for the
                  | Orb.
     0 | D:1      | Reached XP level 1. HP: 19/19 MP: 1/1
   140 | D:1      | Reached XP level 2. HP: 27/27 MP: 2/2
   587 | D:1      | Reached skill level 3 in Axes
   636 | D:1      | Reached XP level 3. HP: 30/33 MP: 3/3
   923 | D:2      | Reached skill level 4 in Axes
   923 | D:2      | Reached XP level 4. HP: 10/40 MP: 4/4
   924 | D:2      | HP: 2/40 [gnoll/+0 spear (4)]
  1572 | D:2      | Found a faded altar of an unknown god.
  1816 | D:3      | Reached XP level 5. HP: 34/46 MP: 5/5
  1895 | D:3      | Reached skill level 5 in Axes
  2134 | D:3      | Noticed a phantom
  2147 | D:3      | Killed a phantom
  2148 | D:3      | Reached XP level 6. HP: 50/53 MP: 6/6
  2416 | D:4      | Noticed Edmund
  2433 | D:4      | Killed Edmund
  2434 | D:4      | Reached skill level 6 in Axes
  2505 | D:4      | Found a sparkling altar of Nemelex Xobeh.
  2505 | D:4      | Found a snail-covered altar of Cheibriados.
  2506 | D:4      | Found a white marble altar of Elyvilon.
  2507 | D:4      | Found a shimmering altar of Xom.
  2507 | D:4      | Found a basalt altar of Yredelemnul.
  2578 | D:4      | Found Pohusy's Lightly-Used Armoury.
  2595 | D:4      | Bought a -2 triple crossbow for 1 gold piece
  2714 | D:4      | Reached skill level 1 in Dodging
  2797 | D:4      | Reached XP level 7. HP: 49/60 MP: 7/7
  3031 | D:4      | Found a staircase to the Ecumenical Temple.
  3250 | D:5      | Entered Level 5 of the Dungeon
  3267 | D:4      | Reached skill level 7 in Axes
  3299 | D:4      | Reached skill level 5 in Fighting
  3299 | D:4      | Reached skill level 5 in Armour
  3356 | D:5      | Became a worshipper of Beogh the Brigand
  3401 | D:5      | Reached skill level 8 in Axes
  3424 | D:5      | Reached XP level 8. HP: 69/69 MP: 8/8
  4198 | D:6      | Reached skill level 9 in Axes
  4242 | D:6      | Noticed Pikel
  4258 | D:6      | Killed Pikel
  4259 | D:6      | Reached skill level 10 in Axes
  4259 | D:6      | Reached skill level 5 in Shields
  4259 | D:6      | Reached XP level 9. HP: 63/78 MP: 9/9
  4644 | D:6      | Reached * piety under Beogh
  4823 | D:6      | Reached skill level 11 in Axes
  4936 | D:6      | Found The Oracle's Delphic Readings.
  5034 | D:7      | Noticed Joseph
  5048 | D:7      | Reached skill level 12 in Axes
  5070 | D:7      | Killed Joseph
  5073 | D:7      | Reached XP level 10. HP: 7/88 MP: 10/10
  5075 | D:7      | Slain by a wight

Illustrated notes

Levels and vault maps discovered:
D:1:      dpeg_arrival_rooms_b, layout_loops_cross
D:2:      layout_basic, dreamdust_ecumenical_altar_hidden_monk_grotto
D:3:      layout_basic, serial_bayou_pond_d, corexii_shack, minmay_cut_off
D:4:      layout_basic, grunt_temple_overflow_open,
          minmay_temple_entry_crystal_x, minmay_shop_damaged, uniq_edmund
D:5:      layout_gridville
D:6:      layout_cave_pods, nicolae_nh_oracle_at_delphi, uniq_pikel
D:7:      layout_loops_ring, serial_shops, shop, eino_jars, uniq_joseph

Skill      XL: |  1  2  3  4  5  6  7  8  9 |
---------------+----------------------------+-----
Axes           | 3 4 5 6 8 10 12 | 12.5
Fighting       | 4 5 6 8 |  8.1
Armour         | 4 5 6 7 |  7.0
Shields        | 4 5 |  5.8
Dodging        | 1 2 |  2.5
Stealth        | |  0.2

Action                     |  1- 3 |  4- 6 |  7- 9 | 10-12 || total
---------------------------+-------+-------+-------+-------++-------
  Melee: War axe           |    73 |   180 |   280 |     3 ||   536
 Invoke: Convert to Beogh  |       |       |     1 |       ||     1
    Use: Potion            |       |       |     1 |       ||     1
 Armour: Scale mail        |    55 |   128 |   237 |     2 ||   422
  Dodge: Dodged            |    30 |    75 |   111 |       ||   216
  Block: Buckler           |    12 |    48 |    62 |       ||   122

Table legend: (Time is in decaauts)
 A = Elapsed time spent in this place.
 B = Non-inter-level travel time spent in this place.
 C = Inter-level travel time spent in this place.
 D = Time resting spent in this place.
 E = Time spent auto-exploring this place.
 F = Levels seen in this place.
 G = Mean time per level.
                   A        B        C        D        E       F      G
               +--------+--------+--------+--------+--------+-----+--------+
         Total |   5169 |   5041 |    128 |      0 |   3985 |   7 |  738.4 |
       Dungeon |   5169 |   5041 |    128 |      0 |   3985 |   7 |  738.4 |
               +--------+--------+--------+--------+--------+-----+--------+

Top non-repeatable levels by time:
     D:2: 1054 daAuts
     D:4: 938 daAuts
     D:6: 892 daAuts
     D:5: 800 daAuts
     D:1: 761 daAuts
     D:3: 652 daAuts
     D:7: 70 daAuts
